 Dungeon Crawl Stone Soup version 0.20.1-1-g8b1a95d66d (webtiles) character file.

144 Gargoyl the Skirmisher (level 5, 0/46 HPs)
             Began as a Centaur Abyssal Knight on Dec 8, 2017.
             Was a Believer of Lugonu.
             Succumbed to an orc's poison
             ... on level 3 of the Dungeon.
             The game lasted 00:07:23 (3116 turns).

Gargoyl the Skirmisher (Centaur Abyssal Knight)     Turns: 3116, Time: 00:07:23

Health: 0/46       AC: 13    Str: 12 (14) XL:     5   Next: 5%
Magic:  6/6        EV:  6    Int:  8 (9)  God:    Lugonu [**....]
Gold:   111        SH:  0    Dex: 14 (15) Spells: 4/4 levels left

rFire    . . .     SeeInvis .   a - +1 hand axe
rCold    . . .     Gourm    .   (no shield)
rNeg     + . .     Faith    .   i - +0 plate armour
rPois    .         Spirit   .   e - +0 helmet
rElec    .         Reflect  .   (no cloak)
rCorr    .         Harm     .   f - +0 pair of gloves
MR       .....                  (no barding)
Stlth    ..........             (no amulet)
Regen    0.2/turn               k - ring of positive energy (curse)
MPRegen  0.1/turn               (no ring)

@: agile, lethally poisoned (0 -> -41), very quick
A: hooves 3, yellow scales 1, deformed body, dopey 1, speed 2, tough skin 3,
evolution 1
a: Depart the Abyss, Bend Space, Renounce Religion


You were on level 3 of the Dungeon.
You worshipped Lugonu.
Lugonu was pleased with you.
You were hungry.

You visited 1 branch of the dungeon, and saw 3 of its levels.
You visited the Abyss 1 time.

You collected 111 gold pieces.

Inventory:

Hand Weapons
 a - a +1 hand axe (weapon)
Missiles
 l - 2 tomahawks (quivered)
Armour
 e - a +0 helmet (worn)
 f - a +0 pair of gloves (worn)
 i - a +0 plate armour (worn)
Jewellery
 k - a cursed ring of positive energy (left hand)
Scrolls
 m - 3 scrolls of identify
 o - a scroll of teleportation
Comestibles
 b - a royal jelly
 c - 2 bread rations
 h - 9 fruits


   Skills:
 + Level 3.7 Fighting
 + Level 2.6 Axes
 * Level 2.6 Armour
 + Level 1.0 Dodging
 * Level 2.6 Invocations


You had 4 spell levels left.
You didn't know any spells.

Dungeon Overview and Level Annotations

Branches:
Dungeon (3/15)

Altars:
Xom

Annotations:
D:3 Ijyb


Innate Abilities, Weirdness & Mutations

You have hooves in place of feet.
Armour fits poorly on your strangely shaped body.
You cover ground very quickly.
You have extremely tough skin. (AC +3)
You are partially covered in yellow scales. (AC +2)
You are dopey. (Int -2)
You evolve.


Message History

You are more poisoned.
You feel very sick. Ijyb hits you but does no damage.
The orc hits you with a dagger. The orc hits you but does no damage.
You are more poisoned.
You feel very sick.
You feel very sick.
You feel very sick.
* * * LOW HITPOINT WARNING * * *
You feel very sick.
* * * LOW HITPOINT WARNING * * *
You feel sick.
Ijyb screams, "You nasty!
Big nasty!"
* * * LOW HITPOINT WARNING * * *
You feel very sick.
* * * LOW HITPOINT WARNING * * *
You feel sick.
* * * LOW HITPOINT WARNING * * *
You feel very sick.
You die...

,,#.##*#....# *.##*...#
*,#...##....# *..#*.#.#
*.###.......####.##.#.#
*................#..#.#
**#.....)...####.#.##.#####
*........#o.[.#.....#.....##
#.#.._..##o.#..............##
..#.....*##.#...........[...#
#*#.....* #.#...@.>.........#
# ####..###.g...............#
* #.....##................#
#.###o#........)........#
#####.###.#.................#
#?....#......#.............##
...8..#.#....##.....#.....##
..8_8.#.####.###...##.#####
...8....# #.###.#.##.#


You could see Ijyb.

Vanquished Creatures
  Terence (D:2)
  5 adders
  2 oozes (D:1)
  A dart slug (D:1)
  A leopard gecko (D:3)
  3 orcs (D:3)
  6 giant cockroaches
  7 goblins
  5 hobgoblins
  4 jackals
  7 kobolds
  2 quokkas (D:2)
  5 bats
  11 rats
60 creatures vanquished.

Vanquished Creatures (others)
  2 starspawn tentacles (Abyss:1)
2 creatures vanquished.

Grand Total: 62 creatures vanquished

Notes
Turn   | Place    | Note
-------+----------+-------------------------------------------
     0 | Abyss:1  | Gargoyl the Centaur Abyssal Knight began the quest for the Orb.
     0 | Abyss:1  | Reached XP level 1. HP: 19/19 MP: 2/2
    75 | Abyss:1  | Noticed a small abomination
    80 | Abyss:1  | Noticed a tentacled starspawn
   223 | Abyss:2  | Noticed a tormentor
   252 | D:1      | Escaped the Abyss
   488 | D:1      | Reached * piety under Lugonu
   557 | D:1      | Reached XP level 2. HP: 22/26 MP: 3/3
  1106 | D:1      | Reached XP level 3. HP: 23/31 MP: 4/4
  1826 | D:2      | You fall through a shaft!
  1854 | D:2      | Noticed Terence
  1867 | D:2      | Killed Terence
  1867 | D:2      | Reached skill level 1 in Dodging
  1867 | D:2      | Reached XP level 4. HP: 37/40 MP: 5/5
  2699 | D:3      | Found a faded altar of an unknown god.
  2714 | D:3      | Found a shimmering altar of Xom.
  2743 | D:3      | Reached ** piety under Lugonu
  3032 | D:3      | Reached XP level 5. HP: 44/46 MP: 6/6
  3091 | D:3      | Noticed Ijyb
  3103 | D:3      | Gained mutation: You evolve. [potion of mutation]
  3103 | D:3      | Gained mutation: You are dopey. (Int -2) [potion of mutation]
  3103 | D:3      | Gained mutation: You are partially covered in yellow scales. (AC +2) [potion of mutation]
  3115 | D:3      | HP: 2/46 [poisoned by an orc]
  3116 | D:3      | Succumbed to an orc's poison

Skill      XL: |  1  2  3 |
---------------+----------+-----
Axes           | 2 |  2.6
Armour         | 2 |  2.6
Dodging        | 1 |  1.0
Fighting       | |  3.7
Invocations    | |  2.6

Action                   |  1- 3 |  4- 6 || total
-------------------------+-------+-------++-------
Melee: Hand axe          |   103 |   120 ||   223
       Kick              |    14 |    20 ||    34
Invok: Depart the Abyss  |     1 |       ||     1
  Use: Scroll            |     5 |     2 ||     7
       Potion            |       |     4 ||     4
  Eat: Chunk             |     2 |     3 ||     5
Armor: Leather armour    |    28 |       ||    28
       Plate armour      |    40 |   158 ||   198
Dodge: Dodged            |    39 |    23 ||    62
